[Event "Team 45 45 League T82"]
[Site "Internet Chess Club"]
[Date "2019.10.20"]
[Round "4"]
[White "cadmiumorange"]
[Black "Portola"]
[Result "1-0"]
[WhiteElo "1752"]
[BlackElo "1640"]
[Opening "Queen's bishop game"]
[ECO "D02"]
[Time "14:01:11"]
[TimeControl "2700+45"]

1. Nf3 d5 2. d4 Nf6 3. Bf4 Bg4 4. e3 c6 5. Bd3 e6 6. h3 Bxf3 7. Qxf3 Be7 8. Nd2
Qa5 9. c3 Nbd7 10. O-O O-O 11. g4 g6 12. Bh6 Rfe8 13. Qg2 Bf8 14. Bxf8 Rxf8 15.
f4 Kh8 16. Nf3 Qd8 17. Ne5 Qe7 18. Rf2 Rg8 19. Raf1 Raf8 20. g5 Ne8 21. Ng4 Nd6
22. Nh6 Rg7 23. e4 dxe4 24. Bxe4 Nf5 25. Bxf5 gxf5 26. Re1 Qd6 27. Qf3 Nf6 28.
Rfe2 Ne4 29. h4 Qd5 30. b3 Qa5 31. b4 Qa3 32. Rc2 Rd8 33. Ng4 Rxd4 34. Ne5 Rd5
35. h5 Qa6 36. h6 Qb6+ 37. Kg2 Rxe5 38. hxg7+ Kxg7 39. fxe5 {Black resigns} 1-0

[Event "Team 45 45 League T82"]
[Site "Internet Chess Club"]
[Date "2019.10.18"]
[Round "4"]
[White "VictorRed"]
[Black "mongmong"]
[Result "1-0"]
[WhiteElo "1673"]
[BlackElo "1484"]
[Opening "Réti opening"]
[ECO "A04"]
[Time "18:46:22"]
[TimeControl "2700+45"]

1. Nf3 e6 2. c3 d5 3. d4 Nf6 4. Bg5 Be7 5. Nbd2 O-O 6. g3 Nbd7 7. Bg2 c5 8. O-O
b6 9. Re1 Bb7 10. Ne5 Nxe5 11. dxe5 Nd7 12. Bxe7 Qxe7 13. f4 Rfd8 14. Qc2 Rac8
15. Nc4 Nb8 16. Nd6 Rc7 17. Nb5 Rcd7 18. Nxa7 Nc6 19. Nb5 d4 20. Nd6 Na5 21. Bh3
Ba8 22. b4 Nb7 23. bxc5 bxc5 24. Ne4 d3 25. exd3 Rxd3 26. Rad1 Rxd1 27. Rxd1
Rxd1+ 28. Qxd1 h6 29. Qa4 Qd8 30. Bg2 Qa5 31. Qxa5 Nxa5 32. Nxc5 Bxg2 33. Kxg2
Kf8 34. Kf3 Ke7 35. Ke4 Kd8 36. Kd3 Kc7 37. Ne4 Nb7 38. Nd6 Nxd6 39. exd6+ Kxd6
40. Kd4 f6 41. a4 e5+ 42. fxe5+ fxe5+ 43. Ke4 g5 44. Kf5 Kd5 45. a5 e4 46. Kg4
Kc5 47. c4 Kxc4 48. a6 Kd3 49. a7 e3 50. a8=Q e2 51. Qa3+ Kd2 52. Qb2+ Ke3 53.
Qc3+ Kf2 54. Kh5 e1=Q 55. Qxe1+ Kxe1 56. Kxh6 Kf2 57. Kxg5 Kg2 58. h4 {Black
resigns} 1-0

[Event "Team 45 45 League T82"]
[Site "Internet Chess Club"]
[Date "2019.10.23"]
[Round "4"]
[White "smsxman"]
[Black "andrew37"]
[Result "0-1"]
[WhiteElo "1401"]
[BlackElo "1649"]
[Opening "Sicilian"]
[ECO "B50"]
[Time "14:19:10"]
[TimeControl "2700+45"]

1. e4 c5 2. Nf3 d6 3. Nc3 g6 4. Bb5+ Bd7 5. Bc4 Bg7 6. O-O e6 7. Re1 Nc6 8. Nb5
Qb8 9. d4 a6 10. d5 axb5 11. dxc6 Bxc6 12. Bf1 Ne7 13. c3 O-O 14. Bg5 f6 15. Bh4
Qc7 16. e5 Bxf3 17. exd6 Bxd1 18. dxc7 Bg4 19. h3 g5 20. Bg3 Bf5 21. Bxb5 e5 22.
Rad1 Rac8 23. Bd7 Rxc7 24. Bxf5 Nxf5 25. Bh2 Rff7 26. Rd8+ Bf8 27. g4 Ng7 28.
Red1 Ne6 29. Ra8 Rfd7 30. Ra1 Rd2 31. b3 Rc2 32. c4 Nd4 33. Bg3 Kf7 34. h4 Ne2+
35. Kg2 Nxg3 36. Kxg3 gxh4+ 37. Kxh4 Rxf2 38. Rd1 e4 39. Rdd8 Be7 40. Rh8 Ke6
41. Kg3 e3 42. Rxh7 Bd6+ {White resigns} 0-1

[Event "Team 45 45 League T82"]
[Site "Internet Chess Club"]
[Date "2019.10.20"]
[Round "4"]
[White "fledermaus"]
[Black "calsal"]
[Result "0-1"]
[WhiteElo "1871"]
[BlackElo "1866"]
[Opening "King's Indian: orthodox, Aronin-Taimanov, bayonet attack"]
[ECO "E97"]
[Time "09:13:24"]
[TimeControl "2700+45"]

1. Nf3 Nf6 2. c4 g6 3. Nc3 Bg7 4. e4 d6 5. d4 O-O 6. Be2 e5 7. O-O Nc6 8. d5 Ne7
9. b4 Nh5 10. Re1 f5 11. Ng5 Nf6 12. f3 c6 13. b5 cxd5 14. cxd5 fxe4 15. fxe4 h6
16. Ne6 Bxe6 17. dxe6 Rc8 18. Qd3 d5 19. Ba3 Qb6+ 20. Kh1 Rxc3 21. Qxc3 Nxe4 22.
Qf3 Rxf3 23. gxf3 Nd6 24. Rac1 Ndf5 25. Bc5 Qa5 26. Bd3 Bf6 27. Bxf5 Nxf5 28.
Rg1 g5 29. a3 Qxb5 30. Bb4 Qe2 31. Rgf1 Ne3 {White resigns} 0-1

[Event "Team 45 45 League T82"]
[Site "Internet Chess Club"]
[Date "2019.10.20"]
[Round "4"]
[White "Beetlejuice"]
[Black "zepled37"]
[Result "1/2-1/2"]
[WhiteElo "1672"]
[BlackElo "1641"]
[Opening "Catalan: closed, main line"]
[ECO "E09"]
[Time "08:16:24"]
[TimeControl "2700+45"]

1. d4 Nf6 2. c4 e6 3. g3 d5 4. Nf3 Be7 5. Bg2 O-O 6. O-O Nbd7 7. Qc2 c6 8. Nbd2
Re8 9. e4 dxe4 10. Nxe4 Nxe4 11. Qxe4 Nf6 12. Qc2 h6 13. c5 Bf8 14. Bd2 Nd7 15.
Rfe1 Qc7 16. Bf4 Qa5 17. Qc4 Nf6 18. b4 Qd8 19. Ne5 Nd5 20. Be3 Bd7 21. a3 a5
22. Qb3 Qc7 23. Reb1 g6 24. bxa5 Bc8 25. Bd2 Bg7 26. Re1 Ne7 27. Bc3 Nd5 28. Bb4
Rd8 29. Rad1 Ne7 30. Qb2 Nf5 31. Bc3 Ne7 32. Nc4 Nd5 33. Bb4 Bf8 34. Re2 Bd7 35.
Rb1 Bc8 36. Be1 Kh7 37. Nb6 Nxb6 38. axb6 Qd7 39. Bc3 Bg7 40. Rd1 Qe8 41. Red2
Qh8 42. Qa1 Bd7 43. a4 Bc8 44. a5 Bf6 45. Qb2 Rd7 46. Bf3 Qd8 47. Bg4 Rd5 48.
Be2 Rd7 49. Bc4 Qe7 50. Bf1 Qd8 {Game drawn by mutual agreement} 1/2-1/2

[Event "Team 45 45 League T82"]
[Site "Internet Chess Club"]
[Date "2019.10.17"]
[Round "4"]
[White "Grenadier"]
[Black "Demachaeron"]
[Result "1-0"]
[WhiteElo "1655"]
[BlackElo "1718"]
[Opening "Scandinavian (center counter) defense"]
[ECO "B01"]
[Time "21:01:00"]
[TimeControl "2700+45"]

1. e4 d5 2. exd5 Qxd5 3. Nc3 Qd8 4. d4 Nf6 5. Bc4 Bf5 6. Qf3 Qc8 7. Bg5 Bxc2 8.
Rc1 Bg6 9. Nge2 Nc6 10. Bb5 Nd7 11. Bxc6 bxc6 12. Qxc6 e6 13. O-O Bd3 14. Rfe1
Bd6 15. Nf4 Bxf4 16. Bxf4 O-O 17. Qxc7 Qxc7 18. Bxc7 Rac8 19. Bf4 Nb6 20. Red1
Ba6 21. d5 Bc4 22. d6 Nd7 23. b3 Ba6 24. Be3 Ra8 25. Na4 Rac8 26. Rc7 Rxc7 27.
dxc7 Bb5 28. Bxa7 f6 29. Nb6 Nxb6 30. Bxb6 Ba6 31. a4 Rc8 32. Rd8+ Kf7 33. b4
Ke7 34. Bc5+ Kf7 35. Rd7+ Kg6 36. b5 Bb7 37. a5 Ra8 38. a6 Bxa6 39. bxa6 Rxa6
40. h4 Rc6 41. Ba7 Kh5 42. g3 Kg4 43. Kg2 g5 44. hxg5 fxg5 45. Rxh7 e5 46. Bb8
e4 47. Re7 Kf5 48. Re8 {Black resigns} 1-0

[Event "Team 45 45 League T82"]
[Site "Internet Chess Club"]
[Date "2019.10.19"]
[Round "4"]
[White "bennywins"]
[Black "GoIrish"]
[Result "1-0"]
[WhiteElo "1658"]
[BlackElo "1509"]
[Opening "French: advance variation"]
[ECO "C02"]
[Time "14:06:30"]
[TimeControl "2700+45"]

1. e4 e6 2. d4 d5 3. e5 b6 4. Bd3 Ba6 5. Ne2 Bxd3 6. Qxd3 c5 7. c3 cxd4 8. cxd4
Nc6 9. f4 Nge7 10. Nd2 Qd7 11. Nf3 Rc8 12. Bd2 Ng6 13. a3 Be7 14. g4 Bh4+ 15.
Kf1 Be7 16. Ng3 Nh4 17. Nxh4 Bxh4 18. g5 Bxg3 19. hxg3 g6 20. Kg2 Qe7 21. Qb5
Qd7 22. Rac1 Kd8 23. Bc3 Nxe5 24. Qxd7+ Nxd7 25. Rh2 a5 26. Kf3 f6 27. Re1 Rc6
28. Reh1 fxg5 29. fxg5 Nf8 30. Ke3 Rc7 31. Kd3 Rf7 32. Rh3 Rf5 33. Bd2 Kd7 34.
Bf4 Kc6 35. a4 Rg8 36. Rc1+ Kd7 37. Rc7+ Kd8 38. Rc6 Rg7 39. Rxb6 Nd7 40. Rxe6
Rgf7 41. Ra6 Nf8 42. Rxa5 Ne6 43. Ra8+ Kd7 44. Ra7+ Ke8 45. Rxf7 Rxf7 46. a5
Rxf4 47. gxf4 Nxf4+ 48. Kc3 Nxh3 49. a6 Nxg5 50. a7 Ne4+ 51. Kd3 h5 52. a8=Q+
Kf7 53. Qxd5+ {Black resigns} 1-0

[Event "Team 45 45 League T82"]
[Site "Internet Chess Club"]
[Date "2019.10.17"]
[Round "4"]
[White "cysk"]
[Black "MacroPawn"]
[Result "1-0"]
[WhiteElo "1790"]
[BlackElo "1689"]
[Opening "Robatsch defense: Pseudo-Austrian attack"]
[ECO "B07"]
[Time "22:19:06"]
[TimeControl "2700+45"]

1. e4 d6 2. d4 g6 3. Nc3 Bg7 4. f4 c5 5. dxc5 Bxc3+ 6. bxc3 dxc5 7. Qxd8+ Kxd8
8. Nf3 f6 9. Ba3 b6 10. Rd1+ Kc7 11. Bc4 Nc6 12. O-O Nh6 13. Bd5 Ba6 14. c4 Rad8
15. Rfe1 Rhe8 16. e5 Na5 17. exf6 exf6 18. Nd2 Bb7 19. Bb2 Ng4 20. Rxe8 Rxe8 21.
Bxb7 Kxb7 22. h3 Ne3 23. Re1 Rd8 24. Bxf6 Rxd2 25. Rxe3 Rxc2 26. Re7+ Kc6 27.
Rxh7 Nxc4 28. Rxa7 Ne3 29. g4 Rg2+ 30. Kh1 Rf2 31. Rg7 Rf1+ 32. Kh2 Rxf4 33. Bg5
Nf1+ 34. Kg2 Rf8 35. Rxg6+ Kb5 36. Rf6 Rxf6 37. Bxf6 Ne3+ 38. Kf3 Nd5 39. Be5
Kc6 40. h4 Kd7 41. h5 Ke6 42. h6 {Black resigns} 1-0

[Event "Team 45 45 League T82"]
[Site "Internet Chess Club"]
[Date "2019.10.20"]
[Round "4"]
[White "walkover"]
[Black "fishhead"]
[Result "1-0"]
[WhiteElo "1731"]
[BlackElo "1623"]
[Opening "King's Indian: Sämisch, 5...O-O"]
[ECO "E81"]
[Time "12:00:46"]
[TimeControl "2700+45"]

1. d4 Nf6 2. c4 g6 3. f3 Bg7 4. e4 d6 5. Nc3 O-O 6. Bg5 h6 7. Be3 a5 8. Qd2 Kh7
9. Nge2 Nc6 10. d5 Ne5 11. Nd4 c5 12. Ndb5 Ne8 13. h3 f5 14. f4 Nf7 15. exf5
gxf5 16. Bd3 e5 17. dxe6 Bxe6 18. O-O-O Qd7 19. g4 Rd8 20. Qc2 Nh8 21. gxf5 Bxf5
22. Ne4 Qe6 23. Rhe1 Rd7 24. Bxc5 Rdf7 25. Ng5+ hxg5 26. Rxe6 dxc5 27. Bxf5+
Rxf5 28. Rd5 {Black forfeits on time} 1-0

[Event "Team 45 45 League T82"]
[Site "Internet Chess Club"]
[Date "2019.10.18"]
[Round "4"]
[White "Goli"]
[Black "nathanpillay"]
[Result "1/2-1/2"]
[WhiteElo "1676"]
[BlackElo "1784"]
[Opening "French: exchange variation"]
[ECO "C01"]
[Time "16:31:00"]
[TimeControl "2700+45"]

1. e4 e6 2. d4 d5 3. exd5 exd5 4. Bd3 Nc6 5. Ne2 Nb4 6. Bb5+ Bd7 7. Bxd7+ Qxd7
8. c3 Nc6 9. Bf4 Bd6 10. Bxd6 Qxd6 11. O-O Nf6 12. Ng3 O-O 13. Re1 Rae8 14. Na3
Rxe1+ 15. Qxe1 a6 16. Nc2 Re8 17. Qd2 Ne4 18. Nxe4 Rxe4 19. Re1 {Game drawn by
mutual agreement} 1/2-1/2

[Event "Team 45 45 League T82"]
[Site "Internet Chess Club"]
[Date "2019.10.21"]
[Round "4"]
[White "PJ"]
[Black "Egmont"]
[Result "0-1"]
[WhiteElo "1529"]
[BlackElo "1624"]
[Opening "QGD Slav defense"]
[ECO "D10"]
[Time "12:00:39"]
[TimeControl "2700+45"]

1. d4 d5 2. c4 c6 3. Nc3 Nf6 4. Bf4 dxc4 5. e4 b5 6. b4 e6 7. a3 Nbd7 8. Nf3 a5
9. Rb1 axb4 10. axb4 Be7 11. Be2 Bb7 12. e5 Nd5 13. Nxd5 cxd5 14. O-O Ra4 15.
Bd2 O-O 16. Ne1 f6 17. f4 fxe5 18. fxe5 Rxf1+ 19. Kxf1 Qf8+ 20. Kg1 Nb8 21. Bg4
Bc8 22. Nc2 Bd7 23. Qe2 Nc6 24. Rf1 Qe8 25. Qe1 Qg6 26. Bd1 Be8 27. Qf2 Ra2 28.
Bc3 Nxb4 29. Bxb4 Bxb4 30. Qe2 Be7 31. Rf2 b4 {White resigns} 0-1

[Event "Team 45 45 League T82"]
[Site "Internet Chess Club"]
[Date "2019.10.19"]
[Round "4"]
[White "achessman"]
[Black "Monterrey"]
[Result "0-1"]
[WhiteElo "1872"]
[BlackElo "1936"]
[Opening "French: Tarrasch, closed variation, main line"]
[ECO "C06"]
[Time "22:09:53"]
[TimeControl "2700+45"]

1. e4 e6 2. d4 d5 3. Nd2 Nf6 4. e5 Nfd7 5. Bd3 c5 6. c3 Nc6 7. Ne2 cxd4 8. cxd4
f6 9. exf6 Nxf6 10. Nf3 Bd6 11. Bf4 Qa5+ 12. Qd2 Qxd2+ 13. Bxd2 O-O 14. O-O Nh5
15. Rfe1 Bd7 16. Ng5 g6 17. Bc3 Kg7 18. Bb5 Rae8 19. Nf3 Kg8 20. a3 a6 21. Bxc6
Bxc6 22. Ne5 Bb5 23. g3 Bxe5 24. dxe5 Bxe2 25. Rxe2 Rc8 26. Rd2 Rc4 27. Kg2 Ng7
28. Rd4 Rxd4 29. Bxd4 Nf5 30. Bc5 Rc8 31. b4 Rc6 32. g4 Ng7 33. Re1 Ne8 34. Re3
b6 35. Bd4 Rc4 36. Bxb6 Rxg4+ 37. Kf3 Rc4 38. Ke2 Ng7 39. Kd2 Rc6 40. Bd8 Nf5
41. Rc3 Rxc3 42. Kxc3 Kf7 43. a4 Ke8 44. Bb6 Kd7 45. b5 axb5 46. axb5 Kc8 47.
Kb4 Kb7 48. Ba5 Nd4 49. Bd8 Nf3 50. Bf6 Nxh2 51. Kc5 Nf3 52. Kd6 d4 53. Bd8 d3
54. Ba5 h5 55. Kxe6 h4 56. Kd6 Nxe5 57. Kxe5 h3 {White resigns} 0-1

[Event "Team 45 45 League T82"]
[Site "Internet Chess Club"]
[Date "2019.10.20"]
[Round "4"]
[White "laurenpar"]
[Black "jjmolina"]
[Result "1/2-1/2"]
[WhiteElo "1842"]
[BlackElo "1728"]
[Opening "Queen's bishop game"]
[ECO "D02"]
[Time "02:00:34"]
[TimeControl "2700+45"]

1. Nf3 Nf6 2. d4 d5 3. Bf4 c6 4. e3 Nbd7 5. h3 e6 6. c4 Bb4+ 7. Nbd2 O-O 8. a3
Ba5 9. Bd3 dxc4 10. Bxc4 Bc7 11. Bxc7 Qxc7 12. Rc1 e5 13. Qc2 exd4 14. Nxd4 Re8
15. O-O Nb6 16. Ba2 Bd7 17. Rfd1 Rad8 18. N2b3 Qe5 19. Nc5 Bc8 20. Nd3 Qg5 21.
Nf3 Qf5 22. Nd4 Qg5 23. Nf4 Qe5 24. Nf3 Rxd1+ 25. Rxd1 Qb5 26. b4 h6 27. Qb3
Nbd5 28. Nd4 Qb6 29. Nxd5 cxd5 30. Rc1 Bd7 31. Qd1 Rc8 32. Rxc8+ Bxc8 33. Qc2
Bd7 34. Nf3 Qd6 35. Qc3 Qc6 36. Qd2 Be6 37. Nd4 Qd6 38. Qc2 Bd7 39. Qc3 Ne4 40.
Qc2 Nf6 41. Qc3 {Game drawn by mutual agreement} 1/2-1/2

[Event "Team 45 45 League T82"]
[Site "Internet Chess Club"]
[Date "2019.10.20"]
[Round "4"]
[White "QuieroAprender"]
[Black "kidcobra"]
[Result "1/2-1/2"]
[WhiteElo "1699"]
[BlackElo "1803"]
[Opening "Budapest: Rubinstein variation"]
[ECO "A52"]
[Time "18:43:24"]
[TimeControl "2700+45"]

1. d4 Nf6 2. c4 e5 3. dxe5 Ng4 4. Bf4 Bb4+ 5. Nd2 Nc6 6. Nf3 Qe7 7. a3 Ngxe5 8.
Nxe5 Nxe5 9. e3 Bxd2+ 10. Qxd2 d6 11. Be2 Be6 12. b3 Ng6 13. Bg3 Rd8 14. Qc3 O-O
15. h4 f6 16. h5 Ne5 17. f4 Ng4 18. O-O Bf5 19. Bxg4 Bxg4 20. h6 Rfe8 21. Rae1
Qe4 22. hxg7 Kxg7 23. f5 h5 24. Rf4 Qe7 25. e4 Qf7 26. Bh4 Re5 27. Bf2 Rde8 28.
Bd4 R5e7 29. Qg3 Rg8 30. Rxg4+ hxg4 31. Qxg4+ Kf8 32. Qh4 Qg7 33. Qxf6+ Qxf6 34.
Bxf6 Rf7 35. Bb2 Rg3 36. b4 Rb3 37. Re2 Re7 38. Kf2 Rxb2 39. Rxb2 Rxe4 40. Kf3
Rxc4 41. g4 d5 42. g5 d4 43. Ke4 d3+ 44. Kxd3 Rf4 45. Ke3 Rxf5 46. Rf2 Rxf2 47.
Kxf2 Kg7 48. Kf3 Kg6 49. Kg4 a5 50. b5 c6 51. b6 c5 52. Kf4 c4 53. Ke4 Kxg5 54.
Kd4 c3 55. Kxc3 Kf6 56. Kc4 Ke6 57. Kc5 Ke5 58. a4 Ke6 59. Kb5 Kd5 60. Kxa5 Kc5
{White stalemated} 1/2-1/2

[Event "Team 45 45 League T82"]
[Site "Internet Chess Club"]
[Date "2019.10.19"]
[Round "4"]
[White "bobhill"]
[Black "Portola"]
[Result "1/2-1/2"]
[WhiteElo "1806"]
[BlackElo "1652"]
[Opening "Queen's bishop game"]
[ECO "D02"]
[Time "10:00:53"]
[TimeControl "2700+45"]

1. d4 d5 2. Nf3 Nf6 3. Bf4 c6 4. e3 Bg4 5. c3 Nbd7 6. Nbd2 e6 7. Bd3 Be7 8. h3
Bh5 9. Qc2 Qa5 10. O-O Bxf3 11. Nxf3 O-O 12. Ne5 h6 13. b4 Qd8 14. Bh2 Nxe5 15.
dxe5 Nd7 16. f4 c5 17. a3 cxb4 18. cxb4 Qb6 19. Rf3 Rac8 20. Qe2 a5 21. b5 Nc5
22. Kh1 Nb3 23. Rd1 Nc1 24. Qd2 Bxa3 25. Bc2 Qc5 26. e4 dxe4 27. Bxe4 Bb4 28.
Qb2 Rfd8 29. Rff1 Ba3 30. Qb1 Ne2 31. Bxb7 Rb8 32. Bf3 Rxd1 33. Qxd1 Nc3 34. Qd3
Qxb5 35. Qxb5 Rxb5 36. g4 Rb1 37. Kg2 Bb4 38. Bg1 a4 39. Be3 Rxf1 40. Kxf1 a3
41. Bc1 Na2 42. Be3 Bc3 43. Be4 Nb4 44. Bb1 a2 45. Bxa2 Nxa2 46. Ke2 Bb4 47. f5
Nc3+ 48. Kd3 Nd5 49. Bf2 Bc3 50. Bg3 Kf8 51. Ke4 Bd2 52. h4 Ke7 53. h5 Kd7 54.
Bf2 Kc6 55. Bd4 Kb5 56. Ba7 Kc4 57. Bb8 Bb4 58. Bd6 Nc3+ 59. Kf4 Nb5 60. Bxb4
Kxb4 61. f6 gxf6 62. exf6 Nd6 63. Ke5 Nc4+ 64. Ke4 Nd6+ 65. Ke5 Nc4+ 66. Ke4
Nd6+ {Game drawn by mutual agreement} 1/2-1/2

[Event "Team 45 45 League T82"]
[Site "Internet Chess Club"]
[Date "2019.10.17"]
[Round "4"]
[White "room-matt"]
[Black "Ajolote"]
[Result "1-0"]
[WhiteElo "1827"]
[BlackElo "1849"]
[Opening "Sicilian: Sveshnikov variation"]
[ECO "B33"]
[Time "13:04:27"]
[TimeControl "2700+45"]

1. e4 c5 2. Nf3 Nc6 3. d4 cxd4 4. Nxd4 Nf6 5. Nc3 e5 6. Ndb5 d6 7. Bg5 a6 8. Na3
b5 9. Bxf6 gxf6 10. Nd5 f5 11. Bd3 Be6 12. O-O Rg8 13. Qh5 h6 14. c3 Rg5 15. Qf3
f4 16. h3 Rb8 17. Nc2 a5 18. Be2 h5 19. Qd3 f5 20. h4 fxe4 21. Qxe4 Bf5 22. Nf6+
Qxf6 23. Qxc6+ Bd7 24. hxg5 Qg6 25. Qc7 Rc8 26. Qxa5 Qxc2 27. Bxh5+ Ke7 28. Qb4
Rc4 29. Qb3 Qf5 30. Be2 f3 31. Bxf3 Rh4 32. Rfe1 Qf4 33. Rad1 Be6 34. Bd5 Qh2+
35. Kf1 Bg4 36. f3 Bd7 37. Bg8 Rf4 38. Qd5 Kd8 39. Qa8+ Ke7 40. Qd5 Kd8 41. g6
Qg3 42. Rxe5 Qxg6 43. Qa8+ Kc7 44. Qa5+ Kc8 45. Qa6+ Kc7 46. Bd5 Bf5 47. Qc6+
Kd8 48. Qb6+ Kc8 49. Bb7+ Kd7 50. Bc6+ Kc8 51. Qb7+ Kd8 52. Qb8+ {Black resigns}
1-0

[Event "Team 45 45 League T82"]
[Site "Internet Chess Club"]
[Date "2019.10.19"]
[Round "4"]
[White "sergerich191"]
[Black "cadmiumorange"]
[Result "1/2-1/2"]
[WhiteElo "1744"]
[BlackElo "1736"]
[Opening "Scandinavian defense"]
[ECO "B01"]
[Time "14:00:54"]
[TimeControl "2700+45"]

1. e4 d5 2. exd5 Nf6 3. d4 Bg4 4. Be2 Bxe2 5. Nxe2 Qxd5 6. O-O Nc6 7. Nbc3 Qh5
8. Ng3 Qxd1 9. Rxd1 O-O-O 10. Nce2 e5 11. Be3 Ng4 12. c3 Nxe3 {Game drawn by
mutual agreement} 1/2-1/2

[Event "Team 45 45 League T82"]
[Site "Internet Chess Club"]
[Date "2019.10.21"]
[Round "4"]
[White "backrankbrawler"]
[Black "MarcB"]
[Result "0-1"]
[WhiteElo "1748"]
[BlackElo "1747"]
[Opening "Queen's pawn game"]
[ECO "D05"]
[Time "20:30:54"]
[TimeControl "2700+45"]

1. d4 d5 2. Nf3 Nf6 3. e3 e6 4. Bd3 Nbd7 5. O-O Bd6 6. Nbd2 O-O 7. e4 dxe4 8.
Nxe4 Nxe4 9. Bxe4 Nf6 10. Bg5 Be7 11. Bd3 h6 12. Bh4 b6 13. Re1 Bb7 14. c3 Nd7
15. Bxe7 Qxe7 16. Qe2 c5 17. Rad1 cxd4 18. cxd4 Rac8 19. Bb1 Bd5 20. b3 Rc7 21.
Qd3 Nf6 22. Ne5 Rfc8 23. Ng4 Rc3 24. Qe2 Nxg4 25. Qxg4 a5 26. Re5 Qa3 27. h4 Rc1
28. Ree1 Rxd1 29. Qxd1 b5 30. Qd3 Rc1 31. Rd1 Qb2 32. Kh2 Qxf2 33. Qg3 Qxg3+ 34.
Kxg3 Rxd1 {White resigns} 0-1

[Event "Team 45 45 League T82"]
[Site "Internet Chess Club"]
[Date "2019.10.20"]
[Round "4"]
[White "JPSVI"]
[Black "pokerram"]
[Result "1/2-1/2"]
[WhiteElo "1704"]
[BlackElo "1555"]
[Opening "Clemenz (Mead's, Basman's or de Klerk's) opening"]
[ECO "A00"]
[Time "19:00:51"]
[TimeControl "2700+45"]

1. h3 Nf6 2. Nf3 g6 3. g3 Bg7 4. Bg2 O-O 5. O-O d6 6. d3 c5 7. e4 Nc6 8. Re1 e5
9. Nc3 Be6 10. a4 a6 11. Nd2 Rb8 12. Nf1 h6 13. Nd5 Nd7 14. Nfe3 Bxd5 15. Nxd5
Ne7 16. Nxe7+ Qxe7 17. Be3 b5 18. axb5 axb5 19. Qd2 Kh7 20. Ra7 Qd8 21. Rea1 Nb6
22. Qa5 b4 23. b3 Ra8 24. Rxa8 Qxa8 25. Qxa8 Rxa8 26. Rxa8 Nxa8 27. h4 Nc7 28.
Bh3 Nb5 29. Kf1 Na3 30. Ke2 Nxc2 31. Kd2 Nd4 32. Bxd4 cxd4 33. Bd7 Bf8 34. Ke2
h5 35. Kf3 Bh6 36. Kg2 Bd2 37. Kh3 Kh6 38. f3 f6 39. Be6 g5 40. Bf5 gxh4 41.
gxh4 Bf4 42. Be6 Be3 43. Bf5 Bf4 44. Be6 Be3 {Game drawn by mutual agreement}
1/2-1/2

[Event "Team 45 45 League T82"]
[Site "Internet Chess Club"]
[Date "2019.10.18"]
[Round "4"]
[White "fireball"]
[Black "dalmata"]
[Result "0-1"]
[WhiteElo "1490"]
[BlackElo "1548"]
[Opening "French: Tarrasch, closed variation"]
[ECO "C05"]
[Time "16:04:04"]
[TimeControl "2700+45"]

1. e4 e6 2. d4 d5 3. Nd2 Nf6 4. e5 Nfd7 5. f4 c5 6. c3 b6 7. Ngf3 Be7 8. Bd3 c4
9. Bc2 Nc6 10. O-O O-O 11. f5 exf5 12. Bxf5 g6 13. Bc2 f6 14. exf6 Nxf6 15. b4
cxb3 16. axb3 a5 17. b4 Ba6 18. Re1 axb4 19. Nb3 bxc3 20. Bh6 Re8 21. Ng5 Bf8
22. Bxf8 Rxe1+ 23. Qxe1 Qxf8 24. Qe6+ Kg7 25. Qxc6 Qe8 26. Qxb6 Qe3+ 27. Kh1
Qxg5 28. Rxa6 Re8 29. Ra1 Qf4 30. Qb5 Ng4 31. Qb7+ Kh6 32. g3 Qf2 {White
resigns} 0-1

[Event "Team 45 45 League T82"]
[Site "Internet Chess Club"]
[Date "2019.10.20"]
[Round "4"]
[White "Megasus"]
[Black "nidusin2"]
[Result "1-0"]
[WhiteElo "1614"]
[BlackElo "1478"]
[Opening "Réti opening"]
[ECO "A04"]
[Time "03:00:24"]
[TimeControl "2700+45"]

1. Nf3 d6 2. d4 Nd7 3. c4 e5 4. e3 Ngf6 5. h3 c6 6. Nc3 e4 7. Nd2 d5 8. a3 a5 9.
Qb3 Nb6 10. Qc2 Bf5 11. cxd5 cxd5 12. Bb5+ Bd7 13. O-O Be7 14. Qb3 Bc6 15. Na4
Nxa4 16. Qxa4 Qd7 17. Bxc6 Qxc6 18. Qxc6+ bxc6 19. Nb3 Nd7 20. Bd2 a4 21. Na5
Nb8 22. Rfc1 Kd7 23. Nb7 Rc8 24. Nc5+ Ke8 25. Rc2 Nd7 26. Rac1 Nxc5 27. dxc5
Rcb8 28. Bb4 f5 29. g3 Kd7 30. Kg2 Bf6 31. f3 Ke6 32. fxe4 fxe4 33. Rd1 Rf8 34.
Rdd2 Rf7 35. Re2 Be5 36. Bc3 Bc7 37. Rf2 Raf8 38. Rxf7 Rxf7 39. Rf2 Rxf2+ 40.
Kxf2 Kf5 41. Bxg7 h5 42. Bd4 Bb8 43. Bc3 Bc7 44. Bb4 Bd8 45. Be1 Be7 46. Bb4 Bd8
47. Ke2 Bc7 48. Be1 Bd8 49. Kd1 Be7 50. Bb4 Bf6 51. Kc2 Be5 52. Be1 d4 53. exd4
Bxd4 54. Bb4 Bf2 55. g4+ hxg4 56. hxg4+ Kxg4 57. b3 axb3+ 58. Kxb3 e3 59. a4 e2
60. a5 Bg3 61. a6 Be5 62. a7 {Black resigns} 1-0

[Event "Team 45 45 League T82"]
[Site "Internet Chess Club"]
[Date "2019.10.19"]
[Round "4"]
[White "Egmont"]
[Black "Gojira"]
[Result "1/2-1/2"]
[WhiteElo "1611"]
[BlackElo "1615"]
[Opening "QGD Slav defense"]
[ECO "D10"]
[Time "08:00:05"]
[TimeControl "2700+45"]

1. d4 d5 2. c4 c6 3. Nc3 Nf6 4. e3 a6 5. Nf3 Bf5 6. cxd5 cxd5 7. Ne5 e6 8. Bd3
Bxd3 9. Nxd3 Bd6 10. Ne5 Nbd7 11. f4 O-O 12. O-O Ne4 13. Nxe4 dxe4 14. Qc2 Bxe5
15. fxe5 f5 16. exf6 Nxf6 17. Qb3 Qd7 18. Bd2 Qd5 19. Qd1 Nd7 20. Bb4 Rxf1+ 21.
Qxf1 e5 22. Rd1 Nf6 23. dxe5 Qxe5 24. Bc3 Qe6 25. Qf4 Nd5 26. Qe5 Qxe5 27. Bxe5
Nxe3 28. Rd7 Re8 29. Rxg7+ Kf8 30. Bc3 Re7 31. Bb4 Kxg7 32. Bxe7 Kf7 33. Bc5 Nc4
34. b3 Ne5 35. Kf1 Ke6 36. h3 Nd3 37. Be3 Kd5 38. g4 Nb4 39. a4 Nc2 40. Ke2 Na1
41. b4 Kc4 42. Bc5 Nb3 43. Bf8 Nd4+ 44. Ke3 Ne6 45. Be7 Kd5 46. h4 Ng7 47. h5
Ne6 48. a5 Nd4 49. Kf4 Ne6+ 50. Kf5 e3 51. Bh4 e2 52. g5 Ng7+ 53. Kg4 Ke4 54. h6
Nf5 55. Be1 Ne7 56. Kg3 {Game drawn by mutual agreement} 1/2-1/2

[Event "Team 45 45 League T82"]
[Site "Internet Chess Club"]
[Date "2019.10.22"]
[Round "4"]
[White "Electryon"]
[Black "Constrictor"]
[Result "1/2-1/2"]
[WhiteElo "1486"]
[BlackElo "1542"]
[Opening "English: London defensive system"]
[ECO "A05"]
[Time "21:02:56"]
[TimeControl "2700+45"]

1. Nf3 Nf6 2. c4 c6 3. g3 d5 4. b3 Bf5 5. Bg2 e6 6. Bb2 Be7 7. O-O O-O 8. d3
Nbd7 9. Nbd2 Rc8 10. Rc1 Re8 11. Rc2 Bd6 12. Qa1 Qe7 13. Ne5 Nxe5 14. Bxe5 Bxe5
15. Qxe5 Ng4 16. Qa1 Qf6 17. Nf3 Qxa1 18. Rxa1 Re7 19. Nh4 Bg6 20. Nxg6 hxg6 21.
cxd5 exd5 22. Bh3 f5 23. e3 Ne5 24. d4 Nd7 {Game drawn by mutual agreement}
1/2-1/2

[Event "Team 45 45 League T82"]
[Site "Internet Chess Club"]
[Date "2019.10.17"]
[Round "4"]
[White "Hal2001"]
[Black "sdcohle"]
[Result "0-1"]
[WhiteElo "1472"]
[BlackElo "1327"]
[Opening "French: Two knights variation"]
[ECO "C00"]
[Time "21:01:29"]
[TimeControl "2700+45"]

1. e4 e6 2. Nc3 d5 3. Nf3 dxe4 4. Nxe4 Nd7 5. d4 Ngf6 6. Bd3 Be7 7. O-O O-O 8.
Bg5 Re8 9. Re1 Nxe4 10. Bxe7 Rxe7 11. Bxe4 Nf6 12. Bd3 b6 13. c3 Bb7 14. Qe2 Qd6
15. Ng5 h6 16. Ne4 Nxe4 17. Bxe4 Bxe4 18. Qxe4 Rae8 19. Rad1 Qd5 20. Qxd5 exd5
21. Rxe7 Rxe7 22. Kf1 f5 23. Re1 Kf7 24. Re5 Rxe5 25. dxe5 g5 26. g3 f4 27. Ke2
Ke6 28. gxf4 gxf4 29. Kf3 Kxe5 30. Kg4 c5 31. Kh5 d4 32. Kxh6 d3 33. Kg6 d2 34.
h4 d1=Q 35. h5 Qf3 36. h6 Qxf2 37. h7 Qh2 {White resigns} 0-1